TOP OF THE 1ST |
Northville Eclipse batting - Pitching for Ft. Polk South Thunder Hawks : LHP Modeste Azagba
|
Pitching: LHP Modeste Azagba
|
|
Batting: RHB Junji Ito
|
0-0: Ball 1-0: Ball 2-0: Called Strike 2-1: Ball 3-1: Base on Balls
|
Batting: RHB Daniel Marley
|
0-0: Swinging Strike 0-1: Ball 1-1: Ball 2-1: Ball 3-1: Foul Ball, location: 2F 3-2: Strikes out swinging
|
Batting: RHB Ricardo Urby
|
0-0: Swinging Strike 0-1: Ball 1-1: Called Strike 1-2: Fly out, F4 (Popup, 34D, EV 57.5 MPH)
|
Batting: RHB Jesús Mancebo
|
0-0: Ground out 4-3 (Groundball, 34, EV 100.6 MPH)
|
Top of the 1st over - 0 runs, 0 hits, 0 errors, 1 left on base; Northville 0 - Ft. Polk South 0 |
BOTTOM OF THE 1ST |
Ft. Polk South Thunder Hawks batting - Pitching for Northville Eclipse : RHP Jason Breary
|
Pitching: RHP Jason Breary
|
|
Batting: LHB Gabriel Obregón
|
0-0: Called Strike 0-1: Called Strike 0-2: Strikes out looking
|
Batting: LHB Jorge Agramunt
|
0-0: Foul Ball, location: 2F 0-1: Ball 1-1: Swinging Strike 1-2: Ball 2-2: Ball 3-2: Ground out 6-3 (Groundball, 6M, EV 85.6 MPH)
|
Batting: LHB Remco Mastenbroek
|
0-0: Called Strike 0-1: Swinging Strike 0-2: Ball 1-2: Ball 2-2: SOLO HOME RUN (Flyball, 89XD, EV 108.1 MPH), Distance : 378 ft
|
Batting: RHB Aubrey Miller
|
0-0: Called Strike 0-1: Ball 1-1: Ground out 6-3 (Groundball, 6, EV 78.8 MPH)
|
Bottom of the 1st over - 1 run, 1 hit, 0 errors, 0 left on base; Northville 0 - Ft. Polk South 1 |
TOP OF THE 2ND |
Northville Eclipse batting - Pitching for Ft. Polk South Thunder Hawks : LHP Modeste Azagba
|
Batting: RHB Lex van Esch
|
0-0: Swinging Strike 0-1: Ball 1-1: Fly out, F8 (Line Drive, 8RD, EV 100.6 MPH)
|
Batting: SHB Javier Murillo
|
0-0: Foul Ball, location: 2F 0-1: Ball 1-1: Ground out 6-3 (Groundball, 6MS, EV 87.5 MPH)
|
Batting: SHB Diego Alejandro Secada
|
0-0: Called Strike 0-1: Ball 1-1: Ball 2-1: Called Strike 2-2: Ball 3-2: Strikes out swinging
|
Top of the 2nd over - 0 runs, 0 hits, 0 errors, 0 left on base; Northville 0 - Ft. Polk South 1 |
BOTTOM OF THE 2ND |
Ft. Polk South Thunder Hawks batting - Pitching for Northville Eclipse : RHP Jason Breary
|
Batting: LHB Tim Carson
|
0-0: Fly out, F8 (Line Drive, 8RD, EV 98.1 MPH)
|
Batting: SHB Tomás Gálvez
|
0-0: Called Strike 0-1: Ball 1-1: Foul Ball, location: 2F 1-2: Foul Ball, location: 2F 1-2: Ball 2-2: Ball 3-2: Fly out, F7 (Flyball, 7S, EV 81.2 MPH)
|
Batting: RHB Dermott Mann
|
0-0: Ball 1-0: Foul Ball, location: 2F 1-1: Ball 2-1: Foul Ball, location: 2F 2-2: Foul Ball, location: 2F 2-2: Strikes out looking
|
Bottom of the 2nd over - 0 runs, 0 hits, 0 errors, 0 left on base; Northville 0 - Ft. Polk South 1 |
TOP OF THE 3RD |
Northville Eclipse batting - Pitching for Ft. Polk South Thunder Hawks : LHP Modeste Azagba
|
Batting: LHB Jorge Napolez
|
0-0: Called Strike 0-1: Ball 1-1: Ball 2-1: Ball 3-1: Base on Balls
|
Batting: RHB Bastien Oudin
|
0-0: Swinging Strike 0-1: Ball 1-1: Foul Ball, location: 2F 1-2: Ball 2-2: Fly out, F8 (Flyball, 8RS, EV 69.4 MPH)
|
Batting: RHB Junji Ito
|
0-0: Ball 1-0: Swinging Strike 1-1: Ball 2-1: Foul Ball, location: 2F 2-2: Strikes out swinging
|
Batting: RHB Daniel Marley
|
0-0: Foul Ball, location: 2F 0-1: Fly out, F8 (Flyball, 8RS, EV 91.2 MPH)
|
Top of the 3rd over - 0 runs, 0 hits, 0 errors, 1 left on base; Northville 0 - Ft. Polk South 1 |
BOTTOM OF THE 3RD |
Ft. Polk South Thunder Hawks batting - Pitching for Northville Eclipse : RHP Jason Breary
|
Batting: RHB Tora Tora
|
0-0: Called Strike 0-1: Called Strike 0-2: Fly out, F9 (Flyball, 9LMF, EV 105.0 MPH)
|
Batting: RHB Raúl Colomo
|
0-0: Called Strike 0-1: SINGLE (Groundball, 6MD, EV 96.9 MPH)
|
Batting: LHB Gabriel Obregón
|
0-0: Ball 1-0: Called Strike 1-1: Foul Ball, location: 2F 1-2: Ball 2-2: Foul Ball, location: 2F 2-2: Foul Ball, location: 2F 2-2: Strikes out swinging
|
Batting: LHB Jorge Agramunt
|
0-0: Called Strike 0-1: Swinging Strike 0-2: Ball 1-2: Foul Ball, location: 2F 1-2: Ground out 4-3 (Groundball, 4, EV 99.4 MPH)
|
Bottom of the 3rd over - 0 runs, 1 hit, 0 errors, 1 left on base; Northville 0 - Ft. Polk South 1 |
TOP OF THE 4TH |
Northville Eclipse batting - Pitching for Ft. Polk South Thunder Hawks : LHP Modeste Azagba
|
Batting: RHB Ricardo Urby
|
0-0: Ball 1-0: Ground out 5-3 (Groundball, 56S, EV 88.1 MPH)
|
Batting: RHB Jesús Mancebo
|
0-0: Ball 1-0: Called Strike 1-1: Called Strike 1-2: Strikes out swinging
|
Batting: RHB Lex van Esch
|
0-0: Fly out, F2 (Popup, 23F, EV 83.1 MPH)
|
Top of the 4th over - 0 runs, 0 hits, 0 errors, 0 left on base; Northville 0 - Ft. Polk South 1 |
BOTTOM OF THE 4TH |
Ft. Polk South Thunder Hawks batting - Pitching for Northville Eclipse : RHP Jason Breary
|
Batting: LHB Remco Mastenbroek
|
0-0: Ball 1-0: Foul Ball, location: 2F 1-1: Ball 2-1: Fly out, F9 (Flyball, 9, EV 93.1 MPH)
|
Batting: RHB Aubrey Miller
|
0-0: SOLO HOME RUN (Line Drive, 9D, EV 101.9 MPH), Distance : 354 ft
|
Batting: LHB Tim Carson
|
0-0: Called Strike 0-1: Ball 1-1: Foul Ball, location: 2F 1-2: Ball 2-2: Foul Ball, location: 2F 2-2: Foul Ball, location: 2F 2-2: Ball 3-2: Strikes out swinging
|
Batting: SHB Tomás Gálvez
|
0-0: Called Strike 0-1: Ball 1-1: Ball 2-1: Ball 3-1: Called Strike 3-2: SOLO HOME RUN (Flyball, 89XD, EV 99.4 MPH), Distance : 379 ft
|
Batting: RHB Dermott Mann
|
0-0: Called Strike 0-1: Foul Ball, location: 2F 0-2: Ground out 6-3 (Groundball, 6S, EV 65.0 MPH)
|
Bottom of the 4th over - 2 runs, 2 hits, 0 errors, 0 left on base; Northville 0 - Ft. Polk South 3 |
TOP OF THE 5TH |
Northville Eclipse batting - Pitching for Ft. Polk South Thunder Hawks : LHP Modeste Azagba
|
Batting: SHB Javier Murillo
|
0-0: Ball 1-0: Called Strike 1-1: Ball 2-1: Called Strike 2-2: Strikes out swinging
|
Batting: SHB Diego Alejandro Secada
|
0-0: Called Strike 0-1: Fly out, F7 (Line Drive, 7, EV 85.6 MPH)
|
Batting: LHB Jorge Napolez
|
0-0: Ball 1-0: Swinging Strike 1-1: Foul Ball, location: 2F 1-2: Strikes out swinging
|
Top of the 5th over - 0 runs, 0 hits, 0 errors, 0 left on base; Northville 0 - Ft. Polk South 3 |
BOTTOM OF THE 5TH |
Ft. Polk South Thunder Hawks batting - Pitching for Northville Eclipse : RHP Jason Breary
|
Batting: RHB Tora Tora
|
0-0: Called Strike 0-1: Fly out, F8 (Line Drive, 8RM, EV 105.0 MPH)
|
Batting: RHB Raúl Colomo
|
0-0: Ball 1-0: Ball 2-0: Called Strike 2-1: Ball 3-1: SINGLE (Groundball, 56D, EV 93.8 MPH)
|
Batting: LHB Gabriel Obregón
|
0-0: Ball 1-0: Fly out, F8 (Line Drive, 8LM, EV 85.6 MPH)
|
Batting: LHB Jorge Agramunt
|
0-0: Ball 1-0: Ball 2-0: Called Strike 2-1: Ball 3-1: Fly out, F7 (Flyball, 7LM, EV 95.0 MPH)
|
Bottom of the 5th over - 0 runs, 1 hit, 0 errors, 1 left on base; Northville 0 - Ft. Polk South 3 |
TOP OF THE 6TH |
Northville Eclipse batting - Pitching for Ft. Polk South Thunder Hawks : LHP Modeste Azagba
|
Batting: RHB Bastien Oudin
|
0-0: Ball 1-0: Called Strike 1-1: SINGLE (Flyball, 34D, EV 90.0 MPH)
|
Batting: RHB Junji Ito
|
0-0: Called Strike 0-1: Ball 1-1: Sac Bunt to 2R - play at first, batter OUT! 2-3 Bastien Oudin to second
|
Batting: RHB Daniel Marley
|
0-0: Swinging Strike 0-1: Ground out 5-3 (Groundball, 56S, EV 76.9 MPH)
|
Batting: RHB Ricardo Urby
|
0-0: Ball 1-0: Swinging Strike 1-1: Called Strike 1-2: Foul Ball, location: 2F 1-2: Foul Ball, location: 2F 1-2: Strikes out looking
|
Top of the 6th over - 0 runs, 1 hit, 0 errors, 1 left on base; Northville 0 - Ft. Polk South 3 |
BOTTOM OF THE 6TH |
Ft. Polk South Thunder Hawks batting - Pitching for Northville Eclipse : RHP Jason Breary
|
Batting: LHB Remco Mastenbroek
|
0-0: Ball 1-0: Ball 2-0: SINGLE (Groundball, 34D, EV 94.4 MPH)
|
Batting: RHB Aubrey Miller
|
0-0: Ball 1-0: SINGLE (Flyball, 8LS, EV 90.0 MPH) Remco Mastenbroek to second Runner from 2nd tries for 3rd, SAFE, throw by CF made to third
|
Batting: LHB Tim Carson
|
0-0: Ball 1-0: Called Strike 1-1: Ball 2-1: Foul Ball, location: 2F 2-2: Strikes out swinging
|
Batting: SHB Tomás Gálvez
|
0-0: Called Strike 0-1: Called Strike 0-2: Ball 1-2: Fly out, F7 (Flyball, 7D, EV 100.6 MPH) Runner from 3rd tags up, SCORES, no throw by LF
|
Batting: RHB Dermott Mann
|
0-0: Called Strike 0-1: Ball Wild Pitch! Aubrey Miller to second 1-1: SINGLE (Line Drive, 8LS, EV 94.4 MPH) Aubrey Miller to third
|
Batting: RHB Tora Tora
|
0-0: Foul Ball, location: 2F 0-1: Ball 1-1: Ball 2-1: SINGLE (Groundball, 4D, EV 100.0 MPH) Aubrey Miller scores Dermott Mann to second
|
Batting: RHB Raúl Colomo
|
0-0: Ground out 5-3 (Groundball, 56S, EV 72.5 MPH)
|
Bottom of the 6th over - 2 runs, 4 hits, 0 errors, 2 left on base; Northville 0 - Ft. Polk South 5 |
TOP OF THE 7TH |
Northville Eclipse batting - Pitching for Ft. Polk South Thunder Hawks : LHP Modeste Azagba
|
Batting: RHB Jesús Mancebo
|
0-0: Called Strike 0-1: Ball 1-1: Ground out 6-3 (Groundball, 6, EV 103.8 MPH)
|
Pitching: RHP Ralph Owens
|
|
Batting: RHB Lex van Esch
|
0-0: Fly out, F8 (Flyball, 8LS, EV 89.4 MPH)
|
Batting: SHB Javier Murillo
|
0-0: Ball 1-0: Fly out, F9 (Flyball, 9LS, EV 81.9 MPH)
|
Top of the 7th over - 0 runs, 0 hits, 0 errors, 0 left on base; Northville 0 - Ft. Polk South 5 |
BOTTOM OF THE 7TH |
Ft. Polk South Thunder Hawks batting - Pitching for Northville Eclipse : RHP Jason Breary
|
Pitching: RHP Abisai Tinter
|
|
Batting: LHB Gabriel Obregón
|
0-0: Foul Ball, location: 2F 0-1: Foul Ball, location: 2F 0-2: Ball 1-2: SINGLE (Groundball, 6MD, EV 98.8 MPH)
|
Batting: LHB Jorge Agramunt
|
0-0: Ball Gabriel Obregón steals 2nd base 1-0: Foul Ball, location: 2F 1-1: Called Strike 1-2: DOUBLE (Flyball, 89XD, EV 96.9 MPH) Gabriel Obregón scores
|
Batting: LHB Remco Mastenbroek
|
0-0: Foul Ball, location: 2F 0-1: Ball 1-1: Called Strike 1-2: Ball 2-2: Strikes out swinging
|
Batting: RHB Aubrey Miller
|
0-0: Ball 1-0: Ball 2-0: Ball 3-0: Base on Balls
|
Batting: LHB Tim Carson
|
0-0: Ball 1-0: Ball 2-0: Ball 3-0: Base on Balls Jorge Agramunt to third Aubrey Miller to second
|
Batting: SHB Tomás Gálvez
|
0-0: Called Strike 0-1: Ball 1-1: SINGLE (Flyball, 7S, EV 90.6 MPH) Jorge Agramunt scores Aubrey Miller to third Tim Carson to second
|
Batting: RHB Dermott Mann
|
0-0: Ball 1-0: Called Strike 1-1: Called Strike 1-2: Foul Ball, location: 2F 1-2: Strikes out swinging
|
Pinch Hitting: RHB Kamaaluddeen Kohli
|
0-0: Fly out, F6 (Popup, 6MS, EV 76.2 MPH)
|
Bottom of the 7th over - 2 runs, 3 hits, 0 errors, 3 left on base; Northville 0 - Ft. Polk South 7 |
TOP OF THE 8TH |
Northville Eclipse batting - Pitching for Ft. Polk South Thunder Hawks : RHP Ralph Owens
|
Now at 3B: Kamaaluddeen Kohli
|
|
Pinch Hitting: RHB Daniel Divina
|
0-0: Ball 1-0: Called Strike 1-1: Hit by Pitch
|
Batting: LHB Jorge Napolez
|
0-0: Foul Ball, location: 2F 0-1: Foul Ball, location: 2F 0-2: Strikes out swinging
|
Batting: RHB Bastien Oudin
|
|
Pinch Hitting: LHB Javier López
|
0-0: Called Strike 0-1: Ball 1-1: Foul Ball, location: 2F 1-2: Ball 2-2: Foul Ball, location: 2F 2-2: Strikes out looking
|
Batting: RHB Junji Ito
|
0-0: Ball 1-0: Called Strike 1-1: Called Strike 1-2: Foul Ball, location: 2F 1-2: Ball 2-2: Ball 3-2: SINGLE (Line Drive, 5D, EV 98.8 MPH) Daniel Divina to second Daniel Divina to third
|
Batting: RHB Daniel Marley
|
0-0: Ball 1-0: Ball 2-0: Ball 3-0: Base on Balls Junji Ito to second
|
Batting: RHB Ricardo Urby
|
0-0: Swinging Strike 0-1: Ball 1-1: Called Strike 1-2: Ball 2-2: SINGLE (Groundball, 56D, EV 110.0 MPH) Daniel Divina scores Junji Ito to third Daniel Marley to second Runner from 3rd tries for Home, SAFE, throw by LF to home
|
Batting: RHB Jesús Mancebo
|
0-0: Ball 1-0: Swinging Strike 1-1: Swinging Strike 1-2: Ball 2-2: Ball 3-2: Base on Balls Daniel Marley to third Ricardo Urby to second
|
Batting: RHB Lex van Esch
|
0-0: SINGLE (Groundball, 6MD, EV 105.0 MPH) Daniel Marley scores Ricardo Urby to third Jesús Mancebo to second Runner from 3rd tries for Home, SAFE, no throw by CF
|
Pitching: LHP Wynn Kelley
|
|
Batting: SHB Javier Murillo
|
0-0: Ball 1-0: Foul Ball, location: 2F 1-1: Foul Ball, location: 2F 1-2: Foul Ball, location: 2F 1-2: Ball 2-2: Ball 3-2: Fly out, F5 (Line Drive, 5, EV 76.2 MPH)
|
Top of the 8th over - 4 runs, 3 hits, 0 errors, 2 left on base; Northville 4 - Ft. Polk South 7 |
BOTTOM OF THE 8TH |
Ft. Polk South Thunder Hawks batting - Pitching for Northville Eclipse : RHP Abisai Tinter
|
Now at 1B: Kuan Pi
|
|
Now at SS: Javier López
|
|
Batting: RHB Raúl Colomo
|
0-0: Foul Ball, location: 2F 0-1: Ball 1-1: Ball 2-1: Swinging Strike 2-2: Strikes out swinging
|
Batting: LHB Gabriel Obregón
|
0-0: Ball 1-0: Called Strike 1-1: Ball 2-1: Called Strike 2-2: Foul Ball, location: 2F 2-2: Ball 3-2: Base on Balls
|
Batting: LHB Jorge Agramunt
|
0-0: Ball 1-0: Called Strike 1-1: Ball 2-1: Single, Error in OF, E8, batter to second base (Line Drive, 4D, EV 95.0 MPH) Gabriel Obregón to third
|
Pitching: LHP Vasile Alexandrescu
|
|
Batting: LHB Remco Mastenbroek
|
0-0: Called Strike 0-1: Ball 1-1: Called Strike 1-2: DOUBLE (Flyball, 78D, EV 111.9 MPH) Gabriel Obregón scores Jorge Agramunt scores
|
Batting: RHB Aubrey Miller
|
0-0: Called Strike 0-1: Called Strike 0-2: Ball 1-2: Strikes out swinging
|
Batting: LHB Tim Carson
|
0-0: Called Strike 0-1: Called Strike 0-2: Fly out, F9 (Flyball, 9, EV 84.4 MPH)
|
Bottom of the 8th over - 2 runs, 2 hits, 1 error, 1 left on base; Northville 4 - Ft. Polk South 9 |
TOP OF THE 9TH |
Northville Eclipse batting - Pitching for Ft. Polk South Thunder Hawks : LHP Wynn Kelley
|
Batting: RHB Kuan Pi
|
0-0: Called Strike 0-1: Foul Ball, location: 2F 0-2: Foul Ball, location: 2F 0-2: Ball 1-2: Ground out 5-3 (Groundball, 56, EV 103.8 MPH)
|
Batting: LHB Jorge Napolez
|
0-0: Fly out, F7 (Flyball, 7S, EV 85.0 MPH)
|
Batting: LHB Javier López
|
0-0: Swinging Strike 0-1: Foul Ball, location: 2F 0-2: Strikes out swinging
|
Top of the 9th over - 0 runs, 0 hits, 0 errors, 0 left on base; Northville 4 - Ft. Polk South 9 |
|